 Dungeon Crawl Stone Soup version 0.19-a0-1068-g99dd0f4 (webtiles) character file.

721 FrankyJ the Magician (level 7, -10/45 HPs)
             Began as a High Elf Conjurer on Aug 4, 2016.
             Mangled by an orc warrior
             ... wielding a +0 trident
              (15 damage)
             ... on level 6 of the Dungeon on Aug 5, 2016.
             The game lasted 00:23:59 (6407 turns).

FrankyJ the Magician (High Elf Conjurer)            Turns: 6407, Time: 00:23:59

Health: -10/45     AC:  3    Str:  7    XL:     7   Next: 43%
Magic:  4/19       EV: 14    Int: 20    God:
Gold:   311        SH:  0    Dex: 17    Spells: 3 memorised, 14 levels left

rFire  . . .     SeeInvis .     s - +0 falchion
rCold  . . .     Gourm    .     a - +0 robe
rNeg   . . .     Faith    .     (no shield)
rPois  .         Spirit   .     (no helmet)
rElec  .         Dismiss  .     l - +0 cloak
rCorr  .         Reflect  .     (no gloves)
SustAt .         Harm     .     (no boots)
MR     .....                    (no amulet)
Stlth  ++........               (no ring)
                                (no ring)

@: very slightly contaminated
A: no striking features
a: no special abilities


You were on level 6 of the Dungeon.
You were not hungry.

You visited 1 branch of the dungeon, and saw 6 of its levels.

You collected 311 gold pieces.

Inventory:

Hand Weapons
 i - a +0 short sword of venom
 s - a +0 falchion (weapon)
 u - a +0 quarterstaff
Missiles
 j - 19 poisoned needles
 w - a throwing net (quivered)
Armour
 a - a +0 robe (worn)
 l - a +0 cloak (worn)
 A - the +0 robe of Erghu Elue {-Cast Str+4 Stlth+}
   (You found it on level 5 of the Dungeon)

   It affects your strength (+4).
   It prevents spellcasting.
   It makes you more stealthy.
 E - a +0 buckler
Scrolls
 d - a scroll of enchant armour {unknown}
 f - a scroll of identify
 k - 4 scrolls of remove curse
 m - a scroll of teleportation {unknown}
 n - a scroll of amnesia {unknown}
 q - a scroll of enchant weapon {unknown}
 v - a scroll of random uselessness {unknown}
 y - a scroll of immolation {unknown}
Potions
 e - 5 potions of curing
 g - a potion of lignification {unknown}
 h - a potion of might {unknown}
 o - a potion of heal wounds {unknown}
 p - a potion of flight {unknown}
 r - a potion of magic {unknown}
 t - a potion of resistance {unknown}
 x - a potion of berserk rage {unknown}
 z - a potion of haste {unknown}
 B - a potion of cure mutation {unknown}
Books
 b - a book of Conjurations

   Spells                             Type                      Level
   a - Magic Dart                     Conjuration                  1
   b - Searing Ray                    Conjuration                  2
   c - Dazzling Spray                 Conjuration/Hexes            3
   d - Fulminant Prism                Conjuration/Hexes            4
   e - Iskenderun's Mystic Blast      Conjuration                  4
   f - Iskenderun's Battlesphere      Conjuration/Charms           5
 C - an Akashic Record

   Spells                             Type                      Level
   a - Dispersal                      Translocation                6
   b - Malign Gateway                 Summoning/Translocation      7
   c - Disjunction                    Translocation                8
   d - Controlled Blink               Translocation                8
Comestibles
 c - 5 bread rations
 D - 5 chunks of flesh


   Skills:
 - Level 2.2 Fighting
 - Level 3.4 Dodging
 - Level 2.4 Stealth
 + Level 7.5 Spellcasting
 - Level 5.7 Conjurations


You had 14 spell levels left.
You knew the following spells:

 Your Spells              Type           Power        Failure   Level  Hunger
a - Magic Dart            Conj           ####         1%          1    None
b - Searing Ray           Conj           ####..       1%          2    None
c - Fulminant Prism       Conj/Hex       ###.......   30%         4    ###....


Dungeon Overview and Level Annotations

Branches:
Dungeon (6/15)             Temple (0/1) D:4

Altars:
Elyvilon
Kikubaaqudgha
Makhleb
Yredelemnul
Zin


Message History

The orc warrior is almost dead.
The searing ray hits the orc.
You kill the orc!
You finish channeling your searing ray.
The orc warrior barely misses you.
Casting: Searing Ray
Confirm with . or Enter, or press ? or * to list all spells.
Aiming: Searing Ray
Press: ? - help, Shift-Dir - straight line, f/p - orc warrior
Aim: an orc warrior, wielding a trident and wearing a chain mail (almost dead)
The searing ray hits the orc warrior.
The orc warrior is almost dead.
The orc warrior hits you from afar with a trident!!
The searing ray hits the orc warrior.
The orc warrior is almost dead.
The orc warrior hits you from afar with a trident!
* * * LOW HITPOINT WARNING * * *
The searing ray hits the orc warrior.
The orc warrior is almost dead.
The orc warrior hits you from afar with a trident!
You die...

### #@#
#.# #o#
#Y# #.#
#≈# ...
.....
.o.....


You could see an orc warrior and a sky beast.

Vanquished Creatures
  An ice beast (D:6)
  A phantom (D:4)
  An ogre (D:4)
  An orc priest (D:3)
  An orc wizard (D:3)
  3 worker ants (D:4)
  11 adders
  8 gnolls
  2 shadow imps
  An adder skeleton (D:5)
  4 worms
  3 dart slugs
  5 giant geckos
  11 orcs
  5 bats
  3 giant cockroaches
  10 goblins
  8 hobgoblins
  14 jackals
  9 kobolds
  A ball python (D:2)
  2 giant gecko skeletons (D:4)
  5 giant newts
  A jackal skeleton (D:5)
  A quokka skeleton (D:4)
  6 rats
  A spectral orc (D:5)
119 creatures vanquished.

Vanquished Creatures (others)
  2 fulminant prisms
2 creatures vanquished.

Grand Total: 121 creatures vanquished

Notes
Turn   | Place    | Note
-------+----------+-------------------------------------------
     0 | D:1      | FrankyJ the High Elf Conjurer began the quest for the Orb.
     0 | D:1      | Reached XP level 1. HP: 11/11 MP: 4/4
   187 | D:1      | Reached XP level 2. HP: 17/17 MP: 2/6
   426 | D:1      | Reached skill level 5 in Conjurations
   700 | D:1      | Reached XP level 3. HP: 11/21 MP: 1/7
   856 | D:1      | Learned a level 2 spell: Searing Ray
  1635 | D:2      | Reached XP level 4. HP: 27/27 MP: 5/9
  2283 | D:2      | Reached skill level 3 in Spellcasting
  2784 | D:3      | Reached skill level 1 in Fighting
  3027 | D:3      | Reached XP level 5. HP: 13/33 MP: 0/11
  3445 | D:3      | Found a white marble altar of Elyvilon.
  3903 | D:4      | Noticed a phantom
  3930 | D:4      | Killed a phantom
  3930 | D:4      | Reached skill level 4 in Spellcasting
  3930 | D:4      | Reached XP level 6. HP: 5/39 MP: 0/14
  4192 | D:4      | Found a glowing silver altar of Zin.
  4328 | D:4      | Found a staircase to the Ecumenical Temple.
  4335 | D:4      | Reached skill level 5 in Spellcasting
  4367 | D:4      | Learned a level 4 spell: Fulminant Prism
  4606 | D:4      | Reached skill level 6 in Spellcasting
  5125 | D:4      | Reached XP level 7. HP: 40/45 MP: 13/17
  5481 | D:5      | Entered Level 5 of the Dungeon
  5585 | D:5      | Got a wizard robe
  5596 | D:5      | Identified the cursed +0 robe of Erghu Elue {-Cast Str+4 Stlth+} (You found it on level 5 of the Dungeon)
  5618 | D:5      | Found an ancient bone altar of Kikubaaqudgha.
  5625 | D:5      | Found a basalt altar of Yredelemnul.
  6082 | D:5      | Found a burning altar of Makhleb.
  6231 | D:5      | Reached skill level 7 in Spellcasting
  6407 | D:6      | Mangled by an orc warrior

Vault maps used:
D:1:      lightli_arrival_statuegarden
D:2:      first_bread
D:3:      lemuel_crystal_altar, serial_bayou, serial_bayou_ford_a,
          serial_bayou_pond_a, serial_bayou_lagoon_a, serial_bayou_shore_b
D:4:      zin_academy
D:5:      yredelemnul_forgotten_temple_becter, kennysheep_little_box,
          lemuel_statue_altar
D:6:      small_statue_intersection

Skill      XL: |  1  2  3  4  5  6  7 |
---------------+----------------------+-----
Conjurations   | 5 |  5.7
Spellcasting   | 3 4 6 7 |  7.5
Fighting       | 1 2 |  2.2
Dodging        | 3 |  3.4
Stealth        | |  2.4

Action                   |  1- 3 |  4- 6 |  7- 9 || total
-------------------------+-------+-------+-------++-------
Melee: Unarmed           |     4 |       |       ||     4
       Short sword       |    23 |       |       ||    23
       Falchion          |       |    54 |     6 ||    60
 Cast: Magic Dart        |    57 |    36 |     9 ||   102
       Searing Ray       |     8 |    42 |    16 ||    66
       Fulminant Prism   |       |       |     2 ||     2
  Use: Scroll            |       |       |     3 ||     3
 Stab: Sleeping          |     1 |     4 |       ||     5
  Eat: Chunk             |     3 |    12 |     4 ||    19
Armor: Robe              |     8 |    13 |     2 ||    23
Dodge: Dodged            |    31 |    45 |    17 ||    93
